 Dungeon Crawl Stone Soup version 0.30-a0-722-g3e6e8c874d (webtiles) character file.

Game seed: 13002426385988469373

43 voltaire321 the Sneak (level 3, 0/25 HPs)
             Began as an Octopode Brigand on Jan 28, 2023.
             Slain by a goblin
             ... wielding a +0 dagger
             ... led by Robin
              (2 damage)
             ... on level 2 of the Dungeon.
             The game lasted 00:02:26 (657 turns).

voltaire321 the Sneak (Octopode Brigand)             Turns: 657, Time: 00:02:26

Health: 0/25       AC:  1    Str: 10    XL:     3   Next: 58%
Magic:  3/3        EV: 13    Int: 13    God:
Gold:   80         SH:  0    Dex: 15    Spells: 2/2 levels left

rFire   . . .      SeeInvis .    g - +1 dagger (elec)
rCold   . . .      Faith    .    (no shield)
rNeg    . . .      Spirit   .    (helmet restricted)
rPois   .          Reflect  .    (no amulet)
rElec   .          Harm     .    (no ring)
rCorr   .          Rampage  .    (no ring)
Will    .....                    (no ring)
Stlth   ++++                     (no ring)
HPRegen 0.24/turn                (no ring)
MPRegen 0.08/turn                (no ring)
                                 (no ring)
                                 (no ring)

@: no status effects
A: almost no armour, amphibious, 8 rings, camouflage 1, gelatinous body 1,
(nimble swimmer 1), tentacles
a: no special abilities


You were on level 2 of the Dungeon.
You visited 1 branch of the dungeon, and saw 2 of its levels.

You collected 80 gold pieces.

Inventory:

Hand Weapons
 a - a +2 dagger
 g - a +1 dagger of electrocution (weapon)
Missiles
 b - 5 poisoned darts (quivered)
 c - 3 curare-tipped darts
Scrolls
 i - a scroll of poison {unknown}
Potions
 d - a potion of lignification {unknown}
 e - 2 potions of mutation {unknown}
 f - 2 potions of resistance {unknown}
 h - a potion of curing {unknown}


   Skills:
 + Level 2.4 Fighting
 + Level 2.4 Short Blades
 + Level 2.4 Throwing
 + Level 1.6 Dodging
 + Level 5.7 Stealth


You had 2 spell levels left.
You didn't know any spells.
Your spell library was empty.

Dungeon Overview and Level Annotations

Branches:
Dungeon (2/15)

Altars:


Innate Abilities, Weirdness & Mutations

You cannot wear most types of armour.
You are amphibious.
You can wear up to eight rings at the same time.
Your skin changes colour to match your surroundings (Stealth+).
Your rubbery body absorbs attacks. (AC +1, EV +1)
((You are camouflaged when in or above water. (Stealth+)))
You have tentacles for arms and can constrict up to eight enemies at once.


Message History

You constrict the goblin.
Robin roars a battlecry!
The goblins go into a battle-frenzy!
The goblin closely misses you.
You hear a shout! x2
You hit the goblin. Lightning courses through the goblin!
You kill the goblin!
The goblin hits you with a +0 club.
Things that are here:
a +0 club; a goblin corpse You closely miss the goblin.
You grab the goblin. You constrict the goblin.
The goblin hits you with a +0 club.
You hit the goblin.
The goblin is severely wounded.
You constrict the goblin.
You kill the goblin!
You closely miss Robin. Your grab misses Robin.
The hobgoblin completely misses you. Robin closely misses you.
A goblin comes into view. It is wielding a +0 dagger.
You hit Robin. You grab Robin. You squeeze Robin.
Robin is heavily wounded.
You constrict Robin. The hobgoblin misses you.
A hobgoblin comes into view.
Robin throws the goblin at you!
You hit Robin but do no damage.
Robin is severely wounded.
You constrict Robin. The hobgoblin hits you. Robin barely misses you.
The goblin hits you with a +0 dagger.
* * * LOW HITPOINT WARNING * * *
You hit Robin. You squeeze Robin.
You kill Robin!
The hobgoblin completely misses you. The goblin hits you with a +0 dagger.
* * * LOW HITPOINT WARNING * * *
You hit the hobgoblin. You grab the hobgoblin.
The hobgoblin is moderately wounded.
You constrict the hobgoblin. The hobgoblin closely misses you.
The hobgoblin hits you.
* * * LOW HITPOINT WARNING * * *
The goblin hits you with a +0 dagger.
You die...

##.# ########.#
#.# #.# #.# #.#
#.# #.# #.# #.#
#.## #.# #..#####
#######.## ##g#...
.......... #@#.##
#######.## #gg..#
#.........
###..####.#####.##
...####.g..##.##
#.#
........##.....#
#.#
##.#...g.####..##
#.# #...g.#
#...###.# #.....#
#.#..##.# #...g.#
#.##'##.#


You could see 2 hobgoblins and 2 goblins.

Vanquished Creatures
  Robin (D:2)
  A dart slug (D:1)
  A bat (D:2)
  2 endoplasms (D:1)
  2 giant cockroaches (D:1)
  3 goblins (D:2)
  A hobgoblin (D:1)
  4 jackals (D:2)
  4 kobolds
  A quokka (D:1)
  3 ball pythons (D:1)
  2 frilled lizards (D:1)
  3 rats (D:1)
28 creatures vanquished.

Notes
Turn   | Place    | Note
-------+----------+-------------------------------------------
     0 | D:1      | voltaire321 the Octopode Brigand began the quest for the
                  | Orb.
     0 | D:1      | Reached XP level 1. HP: 14/14 MP: 1/1
   115 | D:1      | Reached XP level 2. HP: 16/19 MP: 2/2
   547 | D:2      | Reached XP level 3. HP: 23/24 MP: 3/3
   639 | D:2      | Noticed Robin
   656 | D:2      | Killed Robin
   657 | D:2      | Slain by a goblin

Illustrated notes

Levels and vault maps discovered:
D:1:      zelgadis_glass_arrival_small, layout_rooms
D:2:      layout_basic, uniq_robin, uniq_natasha

Action                     || total
---------------------------++-------
  Melee: Dagger            ||    39
         Constrict         ||    11
         Tentacles         ||     9
  Throw: Dart              ||    35
 Armour: Skin              ||     3
  Dodge: Dodged            ||    22

Table legend: (Time is in decaauts)
 A = Elapsed time spent in this place.
 B = Non-inter-level travel time spent in this place.
 C = Inter-level travel time spent in this place.
 D = Time resting spent in this place.
 E = Time spent auto-exploring this place.
 F = Levels seen in this place.
 G = Mean time per level.
                   A        B        C        D        E       F      G
               +--------+--------+--------+--------+--------+-----+--------+
         Total |    648 |    648 |      0 |      2 |    401 |   2 |  324.0 |
       Dungeon |    648 |    648 |      0 |      2 |    401 |   2 |  324.0 |
               +--------+--------+--------+--------+--------+-----+--------+

Top non-repeatable levels by time:
     D:1: 448 daAuts
     D:2: 199 daAuts
